[Event "Slovakia Chess Open 2024"]
[Site "Modra"]
[Date "2024.03.04"]
[Round "7.16"]
[White "Rozboril, Alex"]
[Black "Gonda, Jan"]
[Result "0-1"]
[ECO "B43"]
[WhiteElo "1563"]
[BlackElo "1657"]
[Annotator "NA RC"]
[PlyCount "78"]
[EventDate "2024.02.29"]
[EventType "swiss"]
[EventCountry "SVK"]
[SourceTitle "playchess.com"]
[Source "ChessBase"]
[SourceQuality "1"]
[TimeControl "5400+30"]

1. e4 c5 2. Nf3 d6 3. d4 cxd4 4. Nxd4 e6 5. Nc3 a6 6. g3 b5 7. a3 Bb7 8. Bg2 Qc7 9. O-O Nf6 10. Be3 Be7 11. Qd2 O-O 12. f4 Ng4 13. h3 Nxe3 14. Qxe3 Nd7 15. Rad1 Rac8 16. Rd2 Nb6 17. b3 Qxc3 18. Qxc3 Rxc3 19. Kh2 d5 20. e5 Bxa3 21. g4 Rfc8 22. f5 exf5 23. gxf5 Bc5 24. Nf3 d4 25. Nxd4 Bxg2 26. Kxg2 Bxd4 27. Rxd4 Rxc2+ 28. Kg3 h6 29. Kf4 R2c3 30. Rf3 Rxf3+ 31. Kxf3 Rc3+ 32. Kg4 Rxb3 33. f6 Rc3 34. Rd8+ Kh7 35. Rf8 Kg6 36. e6 fxe6 37. f7 Nd7 38. Ra8 Kxf7 39. Rxa6 Kf6 0-1

[Event "Slovakia Chess Open 2024"]
[Site "Modra"]
[Date "2024.03.04"]
[Round "7.17"]
[White "Mruskovic, Ondrej"]
[Black "Zentko, Ladislav"]
[Result "1-0"]
[ECO "C87"]
[WhiteElo "1510"]
[BlackElo "1749"]
[Annotator "NA RC"]
[PlyCount "72"]
[EventDate "2024.02.29"]
[EventType "swiss"]
[EventCountry "SVK"]
[SourceTitle "playchess.com"]
[Source "ChessBase"]
[SourceQuality "1"]
[TimeControl "5400+30"]

1. e4 e5 2. Nf3 Nc6 3. Bb5 a6 4. Ba4 d6 5. O-O Nf6 6. Re1 Be7 7. c3 O-O 8. d4 Bd7 9. h3 Re8 10. Bg5 exd4 11. cxd4 d5 12. exd5 Nxd5 13. Bxe7 Ncxe7 14. Bb3 Bf5 15. Nc3 Nxc3 16. bxc3 Qd6 17. Ng5 Bg6 18. Qf3 Nf5 19. Qxb7 Qf4 20. Nf3 Nd6 21. Rxe8+ Rxe8 22. Qxa6 h6 23. Qf1 Bf5 24. Re1 Rxe1 25. Qxe1 Bxh3 26. Qe3 Qxe3 27. fxe3 Bf5 28. c4 Be4 29. a4 Kf8 30. a5 f6 31. a6 Ba8 32. Kf2 Ke7 33. c5 Nb5 34. Bc4 Na3 35. Be2 c6 36. g3 g6 1-0

[Event "Slovakia Chess Open 2024"]
[Site "Modra"]
[Date "2024.03.04"]
[Round "7.18"]
[White "Hanzel, Richard"]
[Black "Gecik Jergus"]
[Result "1-0"]
[ECO "D20"]
[WhiteElo "1531"]
[BlackElo "1000"]
[Annotator "NA RC"]
[PlyCount "51"]
[EventDate "2024.02.29"]
[EventType "swiss"]
[EventCountry "SVK"]
[SourceTitle "playchess.com"]
[Source "ChessBase"]
[SourceQuality "1"]
[TimeControl "5400+30"]

1. d4 d5 2. c4 dxc4 3. e3 Be6 4. Nd2 b5 5. a4 a6 6. axb5 Bd5 7. Ngf3 axb5 8. Rxa8 Bxa8 9. b3 Bd5 10. bxc4 bxc4 11. Bxc4 Bxc4 12. Nxc4 e6 13. Qa4+ c6 14. O-O Nf6 15. Nfe5 Bd6 16. Ba3 Bxe5 17. Nxe5 Nd5 18. Qc4 f6 19. Nd3 g5 20. Rb1 Kf7 21. Rb7+ Nc7 22. Qb4 Kg6 23. Qd6 Nca6 24. Qxe6 Rf8 25. Qe4+ Kh6 26. Rxh7# 1-0

[Event "Slovakia Chess Open 2024"]
[Site "Modra"]
[Date "2024.03.05"]
[Round "8.1"]
[White "Stevik, Patrik"]
[Black "Banas, Kamil"]
[Result "1-0"]
[ECO "D31"]
[WhiteElo "2167"]
[BlackElo "2162"]
[Annotator "RC"]
[PlyCount "55"]
[EventDate "2024.02.29"]
[EventType "swiss"]
[EventCountry "SVK"]
[SourceTitle "playchess.com"]
[Source "ChessBase"]
[SourceQuality "1"]
[TimeControl "5400+30"]

1. d4 d5 2. c4 e6 3. cxd5 exd5 4. Nc3 c6 5. Bf4 Bd6 6. Bxd6 Qxd6 7. e3 Bf5 8. Qb3 Qe7 9. Nge2 Nf6 10. Ng3 Bg6 11. Nce2 h6 12. Nf4 Bh7 13. Bd3 Bxd3 14. Nxd3 g6 15. O-O Na6 16. Rae1 O-O-O 17. Qa4 h5 18. Ne5 Rd6 19. Rc1 Qe8 20. Ne2 Kb8 21. Qa3 Kc7 22. b4 Ng4 23. b5 Nb8 24. bxc6 Nxe5 25. dxe5 Rxc6 26. Nd4 Qxe5 27. Nxc6 Nxc6 28. Qxa7 1-0

[Event "Slovakia Chess Open 2024"]
[Site "Modra"]
[Date "2024.03.05"]
[Round "8.2"]
[White "Oruzinsky, Juraj"]
[Black "Krivoborodov, Egor"]
[Result "0-1"]
[ECO "B22"]
[WhiteElo "2160"]
[BlackElo "2555"]
[Annotator "RC"]
[PlyCount "128"]
[EventDate "2024.02.29"]
[EventType "swiss"]
[EventCountry "SVK"]
[SourceTitle "playchess.com"]
[Source "ChessBase"]
[SourceQuality "1"]
[TimeControl "5400+30"]

1. e4 c5 2. c3 d5 3. exd5 Nf6 4. Qa4+ Nbd7 5. d4 Nxd5 6. dxc5 e6 7. c4 Nc7 8. Be3 Na6 9. Nc3 Bxc5 10. Bxc5 Naxc5 11. Qc2 O-O 12. b4 Na6 13. a3 Nc7 14. Bd3 a5 15. Rd1 f5 16. Nf3 axb4 17. axb4 b6 18. O-O Bb7 19. Qe2 Qf6 20. Nb5 Nxb5 21. cxb5 Bxf3 22. Qxf3 Ne5 23. Qe2 Rfd8 24. Bc4 Nxc4 25. Qxc4 h6 26. Rxd8+ Rxd8 27. Re1 Kh7 28. h3 e5 29. Qc7 Rd5 30. Rc1 e4 31. Rc6 Rd1+ 32. Kh2 Qa1 33. Qf4 Rd5 34. Rxb6 Qe5 35. Qxe5 Rxe5 36. g3 Rd5 37. h4 Rd4 38. h5 Kg8 39. Rc6 Kf7 40. Rc7+ Kf6 41. Rc6+ Kg5 42. Rg6+ Kxh5 43. Rxg7 Rxb4 44. Rb7 Rb2 45. Kh3 Rxf2 46. b6 Rb2 47. Rb8 Kg6 48. g4 Rb3+ 49. Kg2 fxg4 50. b7 Kh5 51. Kf2 Kh4 52. Rh8 Rb2+ 53. Kg1 Rxb7 54. Rxh6+ Kg3 55. Kf1 Rb1+ 56. Ke2 Kg2 57. Ke3 Rf1 58. Rg6 g3 59. Rg8 Kh2 60. Rh8+ Kg1 61. Ke2 Rf2+ 62. Ke1 Rh2 63. Rg8 g2 64. Ke2 Kh1 0-1

[Event "Slovakia Chess Open 2024"]
[Site "Modra"]
[Date "2024.03.05"]
[Round "8.3"]
[White "Smetana, Peter"]
[Black "Bochnicka, Vladimir"]
[Result "0-1"]
[ECO "B30"]
[WhiteElo "1993"]
[BlackElo "2413"]
[Annotator "ChessBase"]
[PlyCount "120"]
[EventDate "2024.02.29"]
[EventType "swiss"]
[EventCountry "SVK"]
[SourceTitle "playchess.com"]
[Source "ChessBase"]
[SourceQuality "1"]
[TimeControl "5400+30"]

1. e4 c5 2. Nf3 Nc6 3. Nc3 e5 4. Bc4 Be7 5. d3 d6 6. O-O Nf6 7. Ng5 O-O 8. f4 Bg4 9. Qe1 exf4 10. Rxf4 Ne5 11. h3 Bh5 12. Rf1 h6 13. Nf3 Bxf3 14. gxf3 Nh5 15. f4 Nxc4 16. dxc4 Bh4 17. Qd1 Ng3 18. Rf3 f5 19. Qd5+ Kh8 20. Be3 fxe4 21. Nxe4 Nxe4 22. Qxe4 Qf6 23. c3 Rae8 24. Qd3 Re6 25. Raf1 Rfe8 26. Bf2 Bxf2+ 27. R1xf2 Re1+ 28. Rf1 Qh4 29. Rxe1 Rxe1+ 30. Rf1 Re6 31. Kg2 Qe7 32. Rf2 b6 33. Qf5 Qb7+ 34. Qd5 Qxd5+ 35. cxd5 Re1 36. Kf3 Kh7 37. c4 Kg6 38. Rg2+ Kf6 39. b3 Rh1 40. Kg4 Re1 41. Kf3 Rc1 42. Re2 Kf5 43. Kg3 Rc3+ 44. Kg2 Kxf4 45. Rf2+ Ke5 46. Re2+ Kd4 47. Rf2 a5 48. Re2 Re3 49. Rf2 Kd3 50. Rf7 Re2+ 51. Kg3 Rxa2 52. Rb7 a4 53. bxa4 Kxc4 54. Rxb6 Kxd5 55. Ra6 c4 56. Ra8 c3 57. Rc8 Kd4 58. Kg4 c2 59. Kh5 Kd3 60. Kg6 Rxa4 0-1

[Event "Slovakia Chess Open 2024"]
[Site "Modra"]
[Date "2024.03.05"]
[Round "8.4"]
[White "Novomeska, Karin"]
[Black "Melih, Mario"]
[Result "0-1"]
[ECO "E90"]
[WhiteElo "1929"]
[BlackElo "1930"]
[Annotator "ChessBase"]
[PlyCount "96"]
[EventDate "2024.02.29"]
[EventType "swiss"]
[EventCountry "SVK"]
[SourceTitle "playchess.com"]
[Source "ChessBase"]
[SourceQuality "1"]
[TimeControl "5400+30"]

1. d4 Nf6 2. c4 g6 3. Nc3 Bg7 4. e4 d6 5. h3 O-O 6. Nf3 e5 7. d5 Nfd7 8. g4 a5 9. Be3 Na6 10. Nd2 Ndc5 11. a3 Bd7 12. h4 f5 13. gxf5 gxf5 14. f3 Qf6 15. Be2 Bh6 16. Rg1+ Kh8 17. Bg5 Qg6 18. Qc2 Bxg5 19. hxg5 Qh5 20. O-O-O f4 21. g6 Rg8 22. gxh7 Rg7 23. Rxg7 Kxg7 24. Rg1+ Kf7 25. Qd1 Rh8 26. Rh1 Qg6 27. Qf1 Rxh7 28. Rg1 Qh6 29. Qg2 Rg7 30. Qxg7+ Qxg7 31. Rxg7+ Kxg7 32. Kc2 Kh6 33. Nb3 Nxb3 34. Kxb3 Nc5+ 35. Kc2 Kg5 36. b4 axb4 37. axb4 Na6 38. Kb3 Kh4 39. Ka3 Kg3 40. b5 Nc5 41. Kb2 b6 42. Kc2 Bh3 43. Nb1 Kf2 44. Bd1 Bg2 45. Nd2 Ke3 46. Kc3 Nd3 47. Nb1 Ne1 48. Na3 Bxf3 0-1

[Event "Slovakia Chess Open 2024"]
[Site "Modra"]
[Date "2024.03.05"]
[Round "8.5"]
[White "Palka, Miroslav"]
[Black "Shirinyan, Daniel"]
[Result "1/2-1/2"]
[ECO "A18"]
[WhiteElo "1780"]
[BlackElo "2177"]
[Annotator "RC"]
[PlyCount "102"]
[EventDate "2024.02.29"]
[EventType "swiss"]
[EventCountry "SVK"]
[SourceTitle "playchess.com"]
[Source "ChessBase"]
[SourceQuality "1"]
[TimeControl "5400+30"]

1. c4 Nf6 2. Nc3 e6 3. e4 d5 4. e5 d4 5. exf6 dxc3 6. bxc3 Qxf6 7. d4 Nc6 8. Nf3 e5 9. Bg5 Qg6 10. dxe5 Bg4 11. Bf4 Qe4+ 12. Be3 Rd8 13. Nd2 Qxe3+ 14. fxe3 Bxd1 15. Rxd1 Bc5 16. Nf3 Rxd1+ 17. Kxd1 Bxe3 18. Bd3 Ke7 19. Re1 Bc5 20. Kc2 g6 21. Rb1 b6 22. Re1 Re8 23. Be4 Nd8 24. Bd3 Ne6 25. g3 Rd8 26. Be4 h6 27. Rd1 Rxd1 28. Kxd1 g5 29. Ke2 g4 30. Nh4 Ng5 31. Bd5 h5 32. Nf5+ Kf8 33. Nd4 a6 34. a4 Ba3 35. e6 c5 36. Nc2 Bb2 37. exf7 Bxc3 38. Kd3 Be5 39. Ne3 Bd4 40. Ng2 Nxf7 41. Nf4 Ne5+ 42. Ke4 Nf3 43. Nxh5 Nxh2 44. Nf4 Ke7 45. Bb7 Nf1 46. Nd5+ Kd6 47. Kf4 Nh2 48. Bxa6 Be5+ 49. Kf5 Bxg3 50. Nf6 Be1 51. Nxg4 Nxg4 1/2-1/2

[Event "Slovakia Chess Open 2024"]
[Site "Modra"]
[Date "2024.03.05"]
[Round "8.6"]
[White "Galla, Richard"]
[Black "Petrik, Matus"]
[Result "1-0"]
[ECO "A66"]
[WhiteElo "1975"]
[BlackElo "1812"]
[Annotator "ChessBase"]
[PlyCount "97"]
[EventDate "2024.02.29"]
[EventType "swiss"]
[EventCountry "SVK"]
[SourceTitle "playchess.com"]
[Source "ChessBase"]
[SourceQuality "1"]
[TimeControl "5400+30"]

1. d4 Nf6 2. c4 c5 3. d5 e6 4. Nc3 exd5 5. cxd5 d6 6. e4 g6 7. f4 Nbd7 8. Nf3 Bg7 9. Bd3 O-O 10. O-O Re8 11. Re1 a6 12. a4 Qa5 13. Bd2 Qc7 14. Bf1 Rb8 15. Qc2 Nb6 16. h3 Bd7 17. g4 Kh8 18. a5 Nc8 19. Ng5 Rf8 20. e5 Ng8 21. e6 fxe6 22. dxe6 Bd4+ 23. Kh2 Bc6 24. Nce4 Nh6 25. Ng3 Ne7 26. Bg2 Nd5 27. Rf1 Ne3 28. Bxe3 Bxe3 29. Qc3+ Bd4 30. Qd2 Bxg2 31. Kxg2 Qg7 32. Rab1 b5 33. Ne2 Qb7+ 34. Kg3 Bg7 35. Nc3 d5 36. Qxd5 Bxc3 37. Qxb7 Rxb7 38. bxc3 Ng8 39. Rfe1 Ne7 40. Rbd1 Kg7 41. Rd6 b4 42. cxb4 Rxb4 43. Rd7 Re8 44. Ra7 h6 45. Ne4 Rb3+ 46. Kg2 Rb2+ 47. Kf3 Rb3+ 48. Re3 Rxe3+ 49. Kxe3 1-0

[Event "Slovakia Chess Open 2024"]
[Site "Modra"]
[Date "2024.03.05"]
[Round "8.7"]
[White "Hasala, Richard"]
[Black "Pietrucha, Jaroslaw"]
[Result "0-1"]
[ECO "D02"]
[WhiteElo "1935"]
[BlackElo "1781"]
[Annotator "RC"]
[PlyCount "66"]
[EventDate "2024.02.29"]
[EventType "swiss"]
[EventCountry "SVK"]
[SourceTitle "playchess.com"]
[Source "ChessBase"]
[SourceQuality "1"]
[TimeControl "5400+30"]

1. d4 d5 2. Nf3 e6 3. e3 a6 4. Bd3 Nf6 5. Ne5 Nbd7 6. f4 c5 7. c3 Be7 8. O-O Qc7 9. g4 g6 10. Nd2 Nb8 11. f5 exf5 12. gxf5 g5 13. e4 Nc6 14. Nxc6 Qxc6 15. e5 Ne4 16. Nxe4 dxe4 17. Bc2 cxd4 18. cxd4 Bd7 19. Be3 Qb5 20. Bb3 h5 21. d5 Bc5 22. Qd2 Qb6 23. Bxc5 Qxc5+ 24. Kh1 e3 25. Qg2 Qd4 26. e6 Bb5 27. Rfd1 Qg4 28. Qxg4 hxg4 29. Kg1 fxe6 30. a4 Rh3 31. Rd4 Be2 32. fxe6 Bf3 33. d6 g3 0-1

[Event "Slovakia Chess Open 2024"]
[Site "Modra"]
[Date "2024.03.05"]
[Round "8.8"]
[White "Visvader, Kristof"]
[Black "Mruskovic, Radoslav"]
[Result "0-1"]
[ECO "B07"]
[WhiteElo "1696"]
[BlackElo "1933"]
[Annotator "ChessBase"]
[PlyCount "102"]
[EventDate "2024.02.29"]
[EventType "swiss"]
[EventCountry "SVK"]
[SourceTitle "playchess.com"]
[Source "ChessBase"]
[SourceQuality "1"]
[TimeControl "5400+30"]

1. e4 d6 2. d4 Nf6 3. Nc3 c6 4. Nf3 Bg4 5. Bf4 Qa5 6. Bd3 e5 7. dxe5 dxe5 8. Bd2 Qb6 9. h3 Bxf3 10. Qxf3 Nbd7 11. O-O-O Be7 12. g4 h6 13. h4 g6 14. Bc4 Rf8 15. Bxh6 O-O-O 16. Bxf8 Rxf8 17. h5 Qb4 18. Bd3 Nc5 19. h6 Ne6 20. a3 Qa5 21. Bc4 Ng5 22. Qe2 Bxa3 23. Qd2 Bb4 24. Kb1 Ngxe4 25. Qe3 Nxc3+ 26. bxc3 Bxc3 27. Ba2 Qa3 28. Qc1 Qb4+ 29. Bb3 Nxg4 30. Rh4 Qa5 31. Ba2 f5 32. f3 Nf6 33. Rg1 g5 34. Rxg5 Bd2 35. Qg1 e4 36. Be6+ Kc7 37. Rxf5 Qb4+ 38. Bb3 Nd5 39. Rxd5 cxd5 40. h7 Bc3 41. Qc1 a5 42. fxe4 dxe4 43. Ka2 a4 44. Bg8 Bh8 45. Qa3 Qd4 46. Qe7+ Kb6 47. Rh6+ Ka7 48. Ka3 Rf3+ 49. c3 Rxc3+ 50. Ka2 Qd2+ 51. Ka1 Rc1# 0-1

[Event "Slovakia Chess Open 2024"]
[Site "Modra"]
[Date "2024.03.05"]
[Round "8.9"]
[White "Gonda, Jan"]
[Black "Kukla, Tomas"]
[Result "0-1"]
[ECO "D31"]
[WhiteElo "1657"]
[BlackElo "1864"]
[Annotator "NA"]
[PlyCount "73"]
[EventDate "2024.02.29"]
[EventType "swiss"]
[EventCountry "SVK"]
[SourceTitle "playchess.com"]
[Source "ChessBase"]
[SourceQuality "1"]
[TimeControl "5400+30"]

1. d4 d5 2. c4 c6 3. e3 Nf6 4. Nc3 e6 5. a3 dxc4 6. Bxc4 {[%emt 0:00:20] D31: Queen's Gambit Declined: Semi-Slav without ...Nf6 (+ Marshall Gambit and Noteboom) and Exchange Variation lines without ...Nf6.} Bd6 7. b4 Nbd7 8. Nf3 b5 9. Ba2 a5 10. Qb3 a4 11. Qc2 Qc7 12. Bb2 Bb7 13. O-O Rc8 14. h3 Ng4 15. Ne4 h5 16. Nc5 Be7 17. Rac1 Ngf6 18. Bxe6 Ba8 19. Bxd7+ Nxd7 20. Nxd7 Qxd7 21. Ne5 Qe6 22. Nd3 c5 23. dxc5 Be4 24. f3 Bd5 25. e4 Bc4 26. Rfe1 Bh4 27. Nf2 O-O 28. Qc3 Qg6 29. f4 f5 30. e5 Bd5 31. g4 hxg4 32. hxg4 fxg4 33. Qe3 Qh5 $19 (33... Qh6 $142 34. Nxg4 Qg6 (34... Qxf4 $2 35. Qxf4 Rxf4 36. Nh6+ gxh6 37. Rf1 $19)) 34. Ne4 Bxe1 35. Rxe1 Rf5 36. Ng3 Qh3 37. Kf2 0-1

[Event "Slovakia Chess Open 2024"]
[Site "Modra"]
[Date "2024.03.05"]
[Round "8.10"]
[White "Pisarcik, Richard"]
[Black "Bucor, Mark"]
[Result "0-1"]
[ECO "B15"]
[WhiteElo "1855"]
[BlackElo "1852"]
[Annotator "NA RC"]
[PlyCount "52"]
[EventDate "2024.02.29"]
[EventType "swiss"]
[EventCountry "SVK"]
[SourceTitle "playchess.com"]
[Source "ChessBase"]
[SourceQuality "1"]
[TimeControl "5400+30"]

1. e4 c6 2. d4 d5 3. Nc3 dxe4 4. Nxe4 Nf6 5. Nxf6+ exf6 6. c3 Bd6 7. Bd3 O-O 8. Qc2 h5 9. Be3 a5 10. Nf3 Be6 11. h3 Re8 12. O-O-O Na6 13. Be4 Qc7 14. Kb1 a4 15. d5 cxd5 16. Bxd5 a3 17. b3 Rac8 18. Bxb7 Qxb7 19. Rxd6 Nb4 20. Rb6 Qd7 21. Rd1 Nxc2 22. Rxd7 Nxe3 23. Ra7 Bf5+ 24. Kc1 Rxc3+ 25. Kd2 Rc2+ 26. Ke1 Nc4+ 0-1

[Event "Slovakia Chess Open 2024"]
[Site "Modra"]
[Date "2024.03.05"]
[Round "8.11"]
[White "Nosal, Tobias"]
[Black "Hitka, Dominik"]
[Result "1/2-1/2"]
[ECO "C01"]
[WhiteElo "1773"]
[BlackElo "1709"]
[Annotator "NA RC"]
[PlyCount "69"]
[EventDate "2024.02.29"]
[EventType "swiss"]
[EventCountry "SVK"]
[SourceTitle "playchess.com"]
[Source "ChessBase"]
[SourceQuality "1"]
[TimeControl "5400+30"]

1. d4 e6 2. Nc3 Bb4 3. e4 d5 4. exd5 exd5 5. Nf3 Nf6 6. Be2 Ne4 7. Bd2 Nxd2 8. Qxd2 c6 9. O-O O-O 10. Rfe1 Qa5 11. Bd3 Nd7 12. a3 Bxc3 13. Qxc3 Qd8 14. Ne5 Nxe5 15. Rxe5 Qf6 16. Rae1 Be6 17. Qd2 h6 18. c3 Rfe8 19. Bc2 Re7 20. R1e3 g6 21. Rg3 Qg7 22. Rge3 Qf6 23. Re2 Qg7 24. Qe1 Rae8 25. f4 Qf6 26. f5 gxf5 27. Bxf5 Kf8 28. Bxe6 Rxe6 29. Rxe6 Rxe6 30. Rxe6 fxe6 31. Qg3 Qf5 32. Qb8+ Kg7 33. Qxb7+ Kg6 34. Qb3 Qd3 35. Kf2 1/2-1/2

[Event "Slovakia Chess Open 2024"]
[Site "Modra"]
[Date "2024.03.05"]
[Round "8.12"]
[White "Chojnacki, Kevin"]
[Black "Loffay, Pavol"]
[Result "0-1"]
[ECO "A49"]
[WhiteElo "1672"]
[BlackElo "1753"]
[Annotator "NA RC"]
[PlyCount "58"]
[EventDate "2024.02.29"]
[EventType "swiss"]
[EventCountry "SVK"]
[SourceTitle "playchess.com"]
[Source "ChessBase"]
[SourceQuality "1"]
[TimeControl "5400+30"]

1. b3 d6 2. Bb2 Nf6 3. d4 g6 4. Nf3 Bg7 5. g3 O-O 6. Bg2 c6 7. O-O Bg4 8. h3 Bxf3 9. Bxf3 Qc7 10. c4 Nbd7 11. Nc3 e5 12. d5 Rfe8 13. e4 a5 14. Rc1 Nc5 15. Ba3 Nfd7 16. Re1 f5 17. exf5 gxf5 18. dxc6 bxc6 19. Bxc5 Nxc5 20. Bg2 e4 21. Bf1 Be5 22. Qh5 Qg7 23. Na4 Bd4 24. Kg2 Nxa4 25. bxa4 Re5 26. Be2 f4 27. Qg4 f3+ 28. Bxf3 exf3+ 29. Qxf3 Rf8 0-1

[Event "Slovakia Chess Open 2024"]
[Site "Modra"]
[Date "2024.03.05"]
[Round "8.13"]
[White "Fratric, Jakub"]
[Black "Banas, Samuel"]
[Result "1-0"]
[ECO "C88"]
[WhiteElo "1750"]
[BlackElo "1733"]
[Annotator "NA"]
[PlyCount "35"]
[EventDate "2024.02.29"]
[EventType "swiss"]
[EventCountry "SVK"]
[SourceTitle "playchess.com"]
[Source "ChessBase"]
[SourceQuality "1"]
[TimeControl "5400+30"]

1. e4 e5 2. Nf3 Nc6 3. Bb5 a6 4. Ba4 Nf6 5. O-O Be7 6. Re1 b5 7. Bb3 O-O 8. a4 b4 9. d3 h6 10. Nbd2 Re8 11. Nf1 Bb7 12. Ng3 d5 13. exd5 Nxd5 14. Nxe5 Nd4 15. Qg4 Nxb3 16. Nf5 Bf6 17. Bxh6 g6 18. Nxg6 1-0

[Event "Slovakia Chess Open 2024"]
[Site "Modra"]
[Date "2024.03.05"]
[Round "8.14"]
[White "Zentko, Ladislav"]
[Black "Pikulik, Roman"]
[Result "1-0"]
[ECO "D90"]
[WhiteElo "1749"]
[BlackElo "1675"]
[Annotator "NA"]
[PlyCount "54"]
[EventDate "2024.02.29"]
[EventType "swiss"]
[EventCountry "SVK"]
[SourceTitle "playchess.com"]
[Source "ChessBase"]
[SourceQuality "1"]
[TimeControl "5400+30"]

1. Nf3 d5 2. d4 c5 3. c3 cxd4 4. cxd4 Nf6 5. Nc3 g6 6. Bf4 Bg7 7. h3 a6 8. e3 Bf5 9. g4 Bc8 10. Bg2 e6 11. Rc1 O-O 12. O-O Nc6 13. a3 Na5 14. Nd2 b5 15. b4 Nc4 16. Nxc4 bxc4 17. e4 Bb7 18. e5 Ne4 19. Nxe4 dxe4 20. Rxc4 Bd5 21. Rc5 f5 22. Qd2 fxg4 23. Bg5 Qe8 24. hxg4 Qf7 25. Rfc1 h6 26. Bh4 g5 27. Bg3 Qd7 1-0

[Event "Slovakia Chess Open 2024"]
[Site "Modra"]
[Date "2024.03.05"]
[Round "8.15"]
[White "Smolka, Robert"]
[Black "Mruskovic, Ondrej"]
[Result "1-0"]
[ECO "C42"]
[WhiteElo "1620"]
[BlackElo "1510"]
[Annotator "NA"]
[PlyCount "59"]
[EventDate "2024.02.29"]
[EventType "swiss"]
[EventCountry "SVK"]
[SourceTitle "playchess.com"]
[Source "ChessBase"]
[SourceQuality "1"]
[TimeControl "5400+30"]

1. e4 e5 2. Nf3 Nf6 3. Nxe5 Qe7 4. d4 d6 5. Nf3 Nxe4 6. Be2 g6 7. O-O d5 8. Re1 Bg7 9. Bg5 f6 10. Bh4 O-O 11. c4 c6 12. cxd5 cxd5 13. Bd3 Qb4 14. Qb3 Qxb3 15. axb3 Nd6 16. Bg3 Rd8 17. Nc3 a6 18. Nxd5 Nc6 19. Nb6 Ra7 20. Bxd6 Bg4 21. Bc4+ Kh8 22. Bc7 Rf8 23. d5 Bxf3 24. gxf3 Ne5 25. Re3 Bh6 26. Rc3 Bf4 27. d6 Raa8 28. Nxa8 Rxa8 29. Kg2 Nd7 30. Re1 1-0

[Event "Slovakia Chess Open 2024"]
[Site "Modra"]
[Date "2024.03.05"]
[Round "8.16"]
[White "Veres, Alex"]
[Black "Rozboril, Alex"]
[Result "1/2-1/2"]
[ECO "C49"]
[WhiteElo "1584"]
[BlackElo "1563"]
[Annotator "NA"]
[PlyCount "36"]
[EventDate "2024.02.29"]
[EventType "swiss"]
[EventCountry "SVK"]
[SourceTitle "playchess.com"]
[Source "ChessBase"]
[SourceQuality "1"]
[TimeControl "5400+30"]

1. e4 e5 2. Nf3 Nf6 3. Nc3 Nc6 4. Bb5 Bb4 5. d3 d6 6. a3 Ba5 7. b4 Bb6 8. h3 h6 9. O-O O-O 10. Be3 Bd7 11. Qd2 Kh7 12. Ne2 Ne7 13. Bxd7 Qxd7 14. c4 a6 15. Qc2 Kg8 16. Rfd1 Qc6 17. Rac1 Bxe3 18. fxe3 a5 1/2-1/2

[Event "Slovakia Chess Open 2024"]
[Site "Modra"]
[Date "2024.03.05"]
[Round "8.17"]
[White "Hanzel, Richard"]
[Black "Lepejova Viola"]
[Result "1-0"]
[ECO "E01"]
[WhiteElo "1531"]
[BlackElo "1000"]
[Annotator "NA"]
[PlyCount "110"]
[EventDate "2024.02.29"]
[EventType "swiss"]
[EventCountry "SVK"]
[SourceTitle "playchess.com"]
[Source "ChessBase"]
[SourceQuality "1"]
[TimeControl "5400+30"]

1. d4 d5 2. c4 e6 3. Nf3 Nf6 4. g3 c6 5. Qc2 Bd6 6. Bg2 O-O 7. O-O Na6 8. a3 c5 9. dxc5 Bxc5 10. cxd5 exd5 11. Bg5 g6 12. e3 Bf5 13. Qc3 Be7 14. Nd4 Ne4 15. Bxe7 Qd7 16. Qb3 Nec5 17. Bxc5 Nxc5 18. Qb5 Bd3 19. Qxd7 Nxd7 20. Rd1 Ne5 21. Nc3 Bc4 22. Bf1 Bxf1 23. Kxf1 Rad8 24. Rac1 Rfe8 25. Nde2 Kg7 26. Rxd5 Rxd5 27. Nxd5 Rd8 28. Ndf4 Rd2 29. Rb1 Nf3 30. Kg2 Ng5 31. Nd4 Ne4 32. Nfe2 b5 33. Kf1 a5 34. Nxb5 Rc2 35. Nbc3 Nd2+ 36. Ke1 Nxb1 37. Nxb1 Rxb2 38. Nbc3 Rb3 39. a4 Ra3 40. Kf1 Ra1+ 41. Kg2 f5 42. h4 Kf6 43. f4 h6 44. Kf3 g5 45. hxg5+ hxg5 46. e4 fxe4+ 47. Kxe4 g4 48. Kd5 Ra3 49. Kc4 Ra1 50. Kb5 Rh1 51. Kxa5 Rh5+ 52. Kb6 Ke7 53. a5 Rh7 54. Kb7 Ke6+ 55. Kb6 Kd6 1-0

[Event "Slovakia Chess Open 2024"]
[Site "Modra"]
[Date "2024.03.05"]
[Round "9.1"]
[White "Krivoborodov, Egor"]
[Black "Melih, Mario"]
[Result "1-0"]
[ECO "D03"]
[WhiteElo "2555"]
[BlackElo "1930"]
[Annotator "RC"]
[PlyCount "45"]
[EventDate "2024.02.29"]
[EventType "swiss"]
[EventCountry "SVK"]
[SourceTitle "playchess.com"]
[Source "ChessBase"]
[SourceQuality "1"]
[TimeControl "5400+30"]

1. d4 Nf6 2. Bg5 d5 3. Nd2 e6 4. e3 c5 5. c3 Nc6 6. Ngf3 h6 7. Bh4 Be7 8. Bd3 O-O 9. Qe2 b6 10. Ne5 Bb7 11. f4 Nd7 12. Bxe7 Qxe7 13. O-O Ndxe5 14. fxe5 f6 15. exf6 Rxf6 16. Rxf6 Qxf6 17. Rf1 Qe7 18. Qf3 Rd8 19. a3 Nb8 20. Bg6 Bc8 21. Qg3 e5 22. Rf7 Qe6 23. Rxg7+ 1-0

[Event "Slovakia Chess Open 2024"]
[Site "Modra"]
[Date "2024.03.05"]
[Round "9.2"]
[White "Shirinyan, Daniel"]
[Black "Stevik, Patrik"]
[Result "1/2-1/2"]
[ECO "C41"]
[WhiteElo "2177"]
[BlackElo "2167"]
[Annotator "RC"]
[PlyCount "86"]
[EventDate "2024.02.29"]
[EventType "swiss"]
[EventCountry "SVK"]
[SourceTitle "playchess.com"]
[Source "ChessBase"]
[SourceQuality "1"]
[TimeControl "5400+30"]

1. e4 d6 2. d4 Nf6 3. Nc3 e5 4. Nf3 Nbd7 5. Bc4 Be7 6. O-O O-O 7. Re1 c6 8. a4 a5 9. h3 h6 10. Bf1 Re8 11. Be3 Qc7 12. g3 Nf8 13. Bg2 Be6 14. Qd3 Ng6 15. d5 cxd5 16. exd5 e4 17. Nxe4 Nxd5 18. Nd4 Nb4 19. Qd1 Bc4 20. Nf5 d5 21. Nxe7+ Rxe7 22. Nd2 d4 23. Nxc4 Qxc4 24. Bd2 Rxe1+ 25. Bxe1 Nxc2 26. Rc1 d3 27. Bf1 Qe6 28. Bxd3 Nxe1 29. Qxe1 Qxh3 30. Rc7 Qg4 31. Bc4 Rf8 32. b3 Qf5 33. Qe3 Ne5 34. Bd5 Rd8 35. Qe4 Qh5 36. Kg2 Kh8 37. Re7 f6 38. Be6 Ng6 39. Bf7 f5 40. Re8+ Kh7 41. Qe6 Nf4+ 42. gxf4 Qg4+ 43. Kh2 Qh4+ 1/2-1/2

[Event "Slovakia Chess Open 2024"]
[Site "Modra"]
[Date "2024.03.05"]
[Round "9.3"]
[White "Pietrucha, Jaroslaw"]
[Black "Bochnicka, Vladimir"]
[Result "0-1"]
[ECO "B32"]
[WhiteElo "1781"]
[BlackElo "2413"]
[Annotator "RC"]
[PlyCount "44"]
[EventDate "2024.02.29"]
[EventType "swiss"]
[EventCountry "SVK"]
[SourceTitle "playchess.com"]
[Source "ChessBase"]
[SourceQuality "1"]
[TimeControl "5400+30"]

1. e4 c5 2. Nf3 Nc6 3. d4 cxd4 4. Nxd4 e5 5. Nb3 Nf6 6. Bg5 h6 7. Bxf6 Qxf6 8. Be2 Bb4+ 9. c3 Be7 10. O-O O-O 11. N1d2 d6 12. Bg4 Be6 13. Qe2 Qg6 14. Bxe6 fxe6 15. Rad1 Rf4 16. f3 d5 17. Qb5 Bd8 18. exd5 Bb6+ 19. Kh1 Rh4 20. Ne4 Qh5 21. Nbc5 Rxh2+ 22. Kg1 Qh4 0-1